 Dungeon Crawl Stone Soup version 0.26-a0-683-g5206c1d7ac (webtiles) character file.

Game seed: 982667801557082974

16050 MordorOrchid the Covert (level 12, -3/97 HPs)
             Began as a Gnoll Delver on Oct 22, 2020.
             Was a Follower of Uskayaw.
             Slain by a minotaur
             ... wielding a +1 rapier of draining
              (18 damage)
             ... in a Gauntlet.
             The game lasted 01:26:40 (10746 turns).

MordorOrchid the Covert (Gnoll Delver)             Turns: 10746, Time: 01:26:40

Health: -3/97      AC: 16    Str: 15    XL:     12   Next: 33%
Magic:  0/22       EV: 10    Int: 22    God:    Uskayaw [*.....]
Gold:   757        SH:  5    Dex: 14    Spells: 24/25 levels left

rFire    . . .     SeeInvis .   a - +2 scimitar
rCold    + . .     Faith    .   v - +0 buckler
rNeg     + . .     Spirit   +   h - +3 chain mail of the Hot Ocelot {rElec rC+ Stlth+}
rPois    .         Reflect  .   w - +1 helmet
rElec    +         Harm     .   (no cloak)
rCorr    .         Rampage  .   Z - +0 pair of gloves
MR       .....     NoTele   +   (no boots)
Stlth    ++........             O - amulet of guardian spirit
HPRegen  0.26/turn              W - +6 ring of intelligence
MPRegen  0.18/turn              t - ring of positive energy

@: heavily drained
A: distributed training, fangs 1, [clumsy 2], strong nose
a: Stomp, Renounce Religion


You were in a Gauntlet.
You worshipped Uskayaw.
Uskayaw was noncommittal.
You visited 1 branch of the dungeon, and saw 11 of its levels.
You also visited: Gauntlet.

You collected 757 gold pieces.

Inventory:

Hand Weapons
 a - a +2 scimitar (weapon)
 j - a +0 hunting sling
 y - a +0 dagger of venom
 X - a +2 short sword of speed
Missiles
 k - 36 sling bullets
 m - 14 poisoned darts
 n - 101 arrows
 z - 18 bolts
 F - 10 boomerangs
 J - a curare-tipped dart (quivered)
 K - 11 javelins
Armour
 c - the +0 helmet of the Slightly Bent {rN+ Str+3, unknown}
   (You found it in a Gauntlet)

   It affects your strength (+3).
   It protects you from negative energy.
 h - the +3 chain mail of the Hot Ocelot (worn) {rElec rC+ Stlth+}
   (You found it on level 10 of the Dungeon)

   It protects you from cold.
   It insulates you from electricity.
   It makes you more stealthy.
 r - +0 acid dragon scales
 v - a +0 buckler (worn)
 w - a +1 helmet (worn)
 H - the +2 ratskin cloak {*Rats rPois rN+ Str-1 Int-1 Dex+1}
   (You found it in a Gauntlet)

   It affects your strength (-1).
   It affects your intelligence (-1).
   It affects your dexterity (+1).
   It protects you from poison.
   It protects you from negative energy.
 S - a +0 troll leather armour
 Z - a +0 pair of gloves (worn)
Jewellery
 e - an uncursed ring of protection from fire
 t - a ring of positive energy (right hand)
 x - an uncursed ring of protection from magic
 A - an uncursed ring of protection from magic
 B - the amulet of Beauty {Acrobat rF++ Dex+3}
   (You found it in a Gauntlet)

   [amulet of the acrobat]

   It helps you evade while moving and waiting.
   It affects your dexterity (+3).
   It greatly protects you from fire.
 I - an uncursed ring of fire
 O - an amulet of guardian spirit (around neck)
 W - a +6 ring of intelligence (left hand)
Wands
 g - a wand of digging (3)
 u - a wand of flame (6)
 E - a wand of enslavement (6)
 G - a wand of paralysis (6)
 U - a wand of polymorph (12)
 Y - a wand of disintegration (16)
Scrolls
 d - a scroll of magic mapping
 i - 8 scrolls of remove curse
 p - 2 scrolls of amnesia
 q - 2 scrolls of blinking
 D - 7 scrolls of enchant armour
 P - a scroll of immolation
 Q - a scroll of fear
 R - a scroll of silence
Potions
 b - a potion of ambrosia {unknown}
 f - 2 potions of degeneration {unknown}
 l - a potion of resistance
 o - 4 potions of magic
 s - 3 potions of brilliance
 C - 6 potions of curing
 N - 3 potions of flight
 V - a potion of lignification


   Skills:
 + Level 9.7(8.4) Fighting
 + Level 7.2(5.9) Short Blades
 + Level 8.6(7.2) Long Blades
 + Level 7.2(5.9) Axes
 + Level 7.2(5.9) Maces & Flails
 + Level 7.2(5.9) Polearms
 + Level 7.2(5.9) Staves
 + Level 7.2(5.9) Slings
 + Level 7.2(5.9) Bows
 + Level 7.2(5.9) Crossbows
 + Level 7.2(5.9) Throwing
 + Level 7.2(5.9) Armour
 + Level 8.6(7.2) Dodging
 + Level 11.7(10.2) Stealth
 + Level 7.2(5.9) Shields
 + Level 7.2(5.9) Unarmed Combat
 + Level 7.2(5.9) Spellcasting
 + Level 6.0(4.7) Conjurations
 + Level 6.0(4.7) Hexes
 + Level 6.0(4.7) Summonings
 + Level 6.0(4.7) Necromancy
 + Level 6.0(4.7) Translocations
 + Level 6.0(4.7) Transmutations
 + Level 6.0(4.7) Fire Magic
 + Level 6.0(4.7) Ice Magic
 + Level 6.0(4.7) Air Magic
 + Level 6.0(4.7) Earth Magic
 + Level 6.0(4.7) Poison Magic
 + Level 7.9(6.5) Invocations
 + Level 7.2(5.9) Evocations


You had 24 spell levels left.
You knew the following spells:

 Your Spells              Type           Power        Failure   Level
u - Animate Skeleton      Necr           ####..       22%         1

Your spell library contained the following spells:

 Spells                   Type           Power        Failure   Level
 Pain                     Necr           ####         22%         1
 Vampiric Draining        Necr           ####......   54%         3
 Animate Dead             Necr           ####......   91%         4
 Agony                    Necr           ####....     99%         5


Dungeon Overview and Level Annotations

Branches:
Dungeon (12/15)            Temple (0/1) D:5            Lair (0/6) D:11
    Orc (0/2) D:9         Gauntlet (1/1)

Altars:
Ashenzari
Cheibriados
Elyvilon
Fedhas
Gozag
Okawaru
Sif Muna
Trog
Uskayaw
Xom
Yredelemnul

Annotations:
Gauntlet 10 transporters, exclusion: orange crystal statue


Innate Abilities, Weirdness & Mutations

Your experience applies equally to all skills.
You have very sharp teeth.
Your uncanny sense of smell can sniff out nearby items.
[You are very clumsy. (Dex -4)]


Message History

Aiming: Throw Flame
Press: ? - help, Shift-Dir - straight line, f/p - minotaur
Aim: a minotaur, wielding a +1 rapier of draining, wearing a +3 plate armour of cold resistance and wearing a +1 tower shield of cold resistance (severely wounded)
The puff of flame hits the minotaur!
The minotaur is almost dead.
Evoke which item? (* to show all) (? for menu, Esc to quit)
Aiming: Throw Flame
Press: ? - help, Shift-Dir - straight line, f/p - minotaur
Aim: a minotaur, wielding a +1 rapier of draining, wearing a +3 plate armour of cold resistance and wearing a +1 tower shield of cold resistance (almost dead)
The puff of flame hits the minotaur.
The minotaur is almost dead.
Evoke which item? (* to show all) (? for menu, Esc to quit)
Aiming: Throw Flame
Press: ? - help, Shift-Dir - straight line, f/p - minotaur
Aim: a minotaur, wielding a +1 rapier of draining, wearing a +3 plate armour of cold resistance and wearing a +1 tower shield of cold resistance (almost dead)
The minotaur blocks the puff of flame.
You see here a curare-tipped dart.
J - a curare-tipped dart The minotaur hits you with a +1 rapier of draining!!
You die...

###........#©#.......#©#.......
#≈.......#.#..§§≈§.#.#....
##########.#########.##### #8#
#§...............≈# ###
#8§8.8.8.8.8(8.8.8#
#≈...............≈#
#####.###.###.#####
###.###.###.### #...@H........#
#.###.###.###.# #.###.###.###.#
#.....(.......# #######'#######
#.....# ###.### ... ≈≈∩≈≈


You could see a minotaur.

Vanquished Creatures
  Josephine (D:11)
  An unseen horror (D:10)
  An orc knight (D:8)
  A manticore (D:11)
  3 cyclopes
  A deep elf mage (D:11)
  An ugly thing (D:10)
  A worldbinder (Gauntlet)
  2 centaur zombies
  3 trolls
  3 meliai (Gauntlet)
  Grinder (D:6)
  A wyvern (D:8)
  A water elemental (D:11)
  19 yaks
  3 wraiths (D:11)
  An acid dragon (D:11)
  2 water moccasins (D:7)
  4 orc warriors
  A sky beast (D:9)
  5 black bears
  2 phantoms
  An ice beast (D:8)
  12 centaurs
  4 ogres
  An eye of draining (D:10)
  2 boggarts (Gauntlet)
  2 wolves (D:11)
  9 bullfrogs
  2 big kobolds
  3 scorpions
  A wyvern skeleton (D:11)
  5 killer bees (D:10)
  3 wights
  4 electric eels
  A howler monkey (D:4)
  2 bullfrog zombies
  5 orc priests
  3 jellies
  A bullfrog skeleton (D:7)
  A gnoll shaman (D:6)
  12 hounds
  A centaur skeleton (D:5)
  2 iguanas (D:6)
  8 orc wizards
  2 worker ants
  2 hound zombies
  2 hound skeletons
  A worker ant zombie (D:5)
  A howler monkey zombie (D:7)
  9 adders
  5 gnolls
  3 shadow imps
  A white imp (D:8)
  3 ufetubi
  A worm (D:3)
  A dart slug (D:3)
  3 leopard geckos
  33 orcs
  A bat (D:2)
  A giant cockroach (D:5)
  A goblin (D:3)
  5 hobgoblins
  7 jackals
  4 quokkas
  A ball python (D:7)
  A ball python skeleton (D:4)
  2 frilled lizards
  11 kobolds
  A quokka zombie (D:6)
  7 rats
252 creatures vanquished.

Vanquished Creatures (collateral kills)
  A manticore (D:8)
  A wolf (D:11)
2 creatures vanquished.

Vanquished Creatures (others)
  A centaur (D:8)
  An orc wizard (D:9)
  42 demonic plants (Gauntlet)
44 creatures vanquished.

Grand Total: 298 creatures vanquished

Notes
Turn   | Place    | Note
-------+----------+-------------------------------------------
     0 | D:5      | Reached skill level 9 in Stealth
     0 | D:5      | MordorOrchid the Gnoll Delver began the quest for the Orb.
     0 | D:5      | Reached XP level 1. HP: 23/23 MP: 1/1
    11 | D:5      | Noticed an orc wizard
    30 | D:5      | Found a broken altar of Ashenzari.
    51 | D:5      | Noticed a jelly
    55 | D:5      | Killed a jelly
    55 | D:5      | Reached XP level 2. HP: 23/29 MP: 2/2
    55 | D:5      | Reached XP level 3. HP: 28/35 MP: 3/3
   117 | D:5      | Reached skill level 1 in Invocations
   245 | D:6      | Reached skill level 1 in Short Blades
   245 | D:6      | Reached skill level 1 in Axes
   245 | D:6      | Reached skill level 1 in Maces & Flails
   245 | D:6      | Reached skill level 1 in Polearms
   245 | D:6      | Reached skill level 1 in Staves
   245 | D:6      | Reached skill level 1 in Slings
   245 | D:6      | Reached skill level 1 in Bows
   245 | D:6      | Reached skill level 1 in Crossbows
   245 | D:6      | Reached skill level 1 in Throwing
   245 | D:6      | Reached skill level 1 in Armour
   245 | D:6      | Reached skill level 1 in Shields
   245 | D:6      | Reached skill level 1 in Unarmed Combat
   245 | D:6      | Reached skill level 1 in Spellcasting
   245 | D:6      | Reached skill level 1 in Evocations
   245 | D:6      | Reached XP level 4. HP: 18/41 MP: 5/5
   491 | D:6      | Noticed a phantom
   518 | D:6      | Noticed an ogre
   557 | D:5      | Reached skill level 1 in Conjurations
   557 | D:5      | Reached skill level 1 in Hexes
   557 | D:5      | Reached skill level 1 in Summonings
   557 | D:5      | Reached skill level 1 in Necromancy
   557 | D:5      | Reached skill level 1 in Translocations
   557 | D:5      | Reached skill level 1 in Transmutations
   557 | D:5      | Reached skill level 1 in Fire Magic
   557 | D:5      | Reached skill level 1 in Ice Magic
   557 | D:5      | Reached skill level 1 in Air Magic
   557 | D:5      | Reached skill level 1 in Earth Magic
   557 | D:5      | Reached skill level 1 in Poison Magic
   621 | D:4      | Found a snail-covered altar of Cheibriados.
   692 | D:3      | Noticed a big kobold
   736 | D:3      | You fall into a shaft and drop 1 floor!
  1093 | D:3      | Noticed an ogre
  1116 | D:3      | Noticed a centaur
  1170 | D:3      | Killed a centaur
  1170 | D:3      | Reached XP level 5. HP: 12/47 MP: 5/7
  1459 | D:3      | Reached XP level 6. HP: 44/53 MP: 8/8
  1491 | D:3      | Reached skill level 5 in Long Blades
  1491 | D:3      | Reached skill level 5 in Dodging
  2232 | D:2      | Found a white marble altar of Elyvilon.
  2321 | D:2      | Found a shimmering blue altar of Sif Muna.
  2536 | D:4      | Reached XP level 7. HP: 47/60 MP: 10/10
  2715 | D:5      | Found a hide-covered altar of Uskayaw.
  2735 | D:5      | Became a worshipper of Uskayaw the Reveler
  2754 | D:5      | Found a staircase to the Ecumenical Temple.
  2807 | D:5      | Found an iron altar of Okawaru.
  2807 | D:5      | Found a bloodstained altar of Trog.
  2815 | D:5      | Reached * piety under Uskayaw
  2876 | D:6      | Reached ** piety under Uskayaw
  2881 | D:6      | Reached *** piety under Uskayaw
  2885 | D:6      | Noticed Grinder
  3146 | D:5      | Reached skill level 10 in Stealth
  3146 | D:5      | Reached XP level 8. HP: 47/67 MP: 12/12
  3401 | D:6      | Found an opulent altar of Gozag.
  3681 | D:6      | Killed Grinder
  3881 | D:6      | Found a white marble altar of Elyvilon.
  3993 | D:7      | Found a blossoming altar of Fedhas.
  4013 | D:7      | Reached **** piety under Uskayaw
  4531 | D:7      | Reached XP level 9. HP: 72/72 MP: 14/14
  5363 | D:8      | Noticed a manticore
  5363 | D:8      | Noticed an orc knight
  5398 | D:8      | Killed a manticore
  5398 | D:8      | Reached skill level 5 in Invocations
  5440 | D:8      | Killed an orc knight
  5540 | D:8      | Found a shimmering altar of Xom.
  5631 | D:8      | Reached XP level 10. HP: 65/80 MP: 13/17
  5859 | D:9      | Reached skill level 5 in Short Blades
  5859 | D:9      | Reached skill level 5 in Axes
  5859 | D:9      | Reached skill level 5 in Maces & Flails
  5859 | D:9      | Reached skill level 5 in Polearms
  5859 | D:9      | Reached skill level 5 in Staves
  5859 | D:9      | Reached skill level 5 in Slings
  5859 | D:9      | Reached skill level 5 in Bows
  5859 | D:9      | Reached skill level 5 in Crossbows
  5859 | D:9      | Reached skill level 5 in Throwing
  5859 | D:9      | Reached skill level 5 in Armour
  5859 | D:9      | Reached skill level 5 in Shields
  5859 | D:9      | Reached skill level 5 in Unarmed Combat
  5859 | D:9      | Reached skill level 5 in Spellcasting
  5859 | D:9      | Reached skill level 5 in Evocations
  6329 | D:9      | Found a staircase to the Orcish Mines.
  6654 | D:9      | Found a basalt altar of Yredelemnul.
  6736 | D:9      | Reached skill level 11 in Stealth
  7015 | D:9      | Reached XP level 11. HP: 27/87 MP: 7/19
  7276 | D:10     | Entered Level 10 of the Dungeon
  7301 | D:10     | Found a broken altar of Ashenzari.
  7414 | D:10     | Got a shimmering chain mail
  7541 | D:9      | Identified the +3 chain mail of the Hot Ocelot {rElec rC+
                  | Stlth+} (You found it on level 10 of the Dungeon)
  7564 | D:10     | Reached skill level 5 in Conjurations
  7564 | D:10     | Reached skill level 5 in Hexes
  7564 | D:10     | Reached skill level 5 in Summonings
  7564 | D:10     | Reached skill level 5 in Necromancy
  7564 | D:10     | Reached skill level 5 in Translocations
  7564 | D:10     | Reached skill level 5 in Transmutations
  7564 | D:10     | Reached skill level 5 in Fire Magic
  7564 | D:10     | Reached skill level 5 in Ice Magic
  7564 | D:10     | Reached skill level 5 in Air Magic
  7564 | D:10     | Reached skill level 5 in Earth Magic
  7564 | D:10     | Reached skill level 5 in Poison Magic
  7889 | D:10     | Killed an unseen horror
  7931 | D:10     | Identified the +0 robe "Zuurin" {MR+ Str+2 Slay+3 Stlth+}
                  | (You found it on level 10 of the Dungeon)
  8044 | D:10     | Noticed a white ugly thing
  8081 | D:10     | Killed a white ugly thing
  8223 | D:10     | Learned a level 1 spell: Animate Skeleton
  8375 | D:11     | Noticed a manticore
  8385 | D:11     | Noticed a cyclops
  8425 | D:11     | Killed a manticore
  8436 | D:11     | Killed a cyclops
  8437 | D:11     | Reached ***** piety under Uskayaw
  8463 | D:11     | Reached ****** piety under Uskayaw
  8563 | D:11     | Found a staircase to the Lair.
  8930 | D:11     | Noticed Josephine
  8955 | D:11     | Killed Josephine
  8977 | D:11     | Reached XP level 12. HP: 84/96 MP: 20/22
  9281 | D:12     | Noticed a four-headed hydra
  9442 | D:12     | Found a gate leading to a gauntlet.
  9561 | Gauntlet | Entered a Gauntlet
  9561 | Gauntlet | Found a transporter.
  9561 | Gauntlet | Found a transporter.
  9566 | Gauntlet | Found a transporter.
  9581 | Gauntlet | Found a transporter.
  9597 | Gauntlet | Found a transporter.
  9608 | Gauntlet | Found a transporter.
  9626 | Gauntlet | Found a transporter.
  9650 | Gauntlet | Noticed a wretched star
  9707 | Gauntlet | Found a transporter.
  9707 | Gauntlet | Found a transporter.
  9718 | Gauntlet | Found a transporter.
  9727 | Gauntlet | Found the +2 ratskin cloak {*Rats rPois rN+ Str-1 Int-1
                  | Dex+1}
  9727 | Gauntlet | Noticed a great orb of eyes
  9728 | Gauntlet | Found a transporter.
  9730 | Gauntlet | Found a transporter.
  9760 | Gauntlet | Found a transporter.
  9795 | Gauntlet | Found a transporter.
  9836 | Gauntlet | Found a transporter.
  9850 | Gauntlet | Found a transporter.
  9984 | Gauntlet | Got a coiled bone amulet
  9997 | Gauntlet | Identified the amulet of Beauty {Acrobat rF++ Dex+3} (You
                  | found it in a Gauntlet)
 10223 | Gauntlet | Got a crude helmet
 10261 | Gauntlet | Noticed a catoblepas
 10264 | Gauntlet | Paralysed by a floating eye for 3 turns
 10535 | Gauntlet | Noticed a minotaur
 10746 | Gauntlet | Slain by a minotaur

Illustrated notes

Levels and vault maps discovered:
D:2:      layout_loops_ring, marbit_many_paths, nicolae_overflow_crystal_walls
D:3:      cheibrodos_thug_alley, layout_loops_cross,
          minmay_randomly_rotated_circles
D:4:      layout_loops_ring, kennysheep_slug_shrine
D:5:      layout_loops_cross, grunt_temple_overflow_bloody_war, kennysheep_mini,
          ashenzari_conservatory_becter, lemuel_doored_altar, temple_green
D:6:      layout_basic, lemuel_crystal_altar, elyvilon_altar_5, uniq_grinder
D:7:      layout_rooms, lemuel_crystal_altar, nrook_pool_corridor,
          kennysheep_decorative_pillar, wad_mini_maze
D:8:      minmay_chambers_of_sevens, layout_basic, nicolae_ru_path_of_blood,
          basic_altar, minivault_24, minmay_liquid_box, hangedman_decor_growths
D:9:      layout_loops_ring, lemuel_coloured_pillars_altar, orc_0_dummy,
          nicolae_water_bricks
D:10:     layout_stronghold, evilmike_ruin_ashenzari
D:11:     layout_loops_ring, erik_lair_island, uniq_josephine
D:12:     layout_loops_ring, gauntlet_entry_generic
Gauntlet: gammafunk_gauntlet_branching [gammafunk_gauntlet_arena_chambers,
          gammafunk_gauntlet_arena_grid, gammafunk_gauntlet_arena_mazey,
          gammafunk_gauntlet_arena_corners, gammafunk_gauntlet_arena_hedges,
          gammafunk_gauntlet_arena_crates,
          gammafunk_gauntlet_arena_arrow_garden, gammafunk_gauntlet_arena_teeth,
          gauntlet_exit_watery]

Skill      XL: |  1  2  3  4  5  6  7  8  9 10 11 12 |
---------------+-------------------------------------+-----
Stealth        | 10 11 | 11.7
Invocations    | 1 2 3 4 5 6 7 |  7.9
Short Blades   | 1 2 3 4 5 6 7 |  7.2
Axes           | 1 2 3 4 5 6 7 |  7.2
Maces & Flails | 1 2 3 4 5 6 7 |  7.2
Polearms       | 1 2 3 4 5 6 7 |  7.2
Staves         | 1 2 3 4 5 6 7 |  7.2
Slings         | 1 2 3 4 5 6 7 |  7.2
Bows           | 1 2 3 4 5 6 7 |  7.2
Crossbows      | 1 2 3 4 5 6 7 |  7.2
Throwing       | 1 2 3 4 5 6 7 |  7.2
Armour         | 1 2 3 4 5 6 7 |  7.2
Shields        | 1 2 3 4 5 6 7 |  7.2
Unarmed Combat | 1 2 3 4 5 6 7 |  7.2
Spellcasting   | 1 2 3 4 5 6 7 |  7.2
Evocations     | 1 2 3 4 5 6 7 |  7.2
Conjurations   | 1 2 3 4 5 6 |  6.0
Hexes          | 1 2 3 4 5 6 |  6.0
Summonings     | 1 2 3 4 5 6 |  6.0
Necromancy     | 1 2 3 4 5 6 |  6.0
Translocations | 1 2 3 4 5 6 |  6.0
Transmutations | 1 2 3 4 5 6 |  6.0
Fire Magic     | 1 2 3 4 5 6 |  6.0
Ice Magic      | 1 2 3 4 5 6 |  6.0
Air Magic      | 1 2 3 4 5 6 |  6.0
Earth Magic    | 1 2 3 4 5 6 |  6.0
Poison Magic   | 1 2 3 4 5 6 |  6.0
Long Blades    | 5 6 7 8 |  8.6
Dodging        | 5 6 7 8 |  8.6
Fighting       | 7 8 9 |  9.7

Action                   |  1- 3 |  4- 6 |  7- 9 | 10-12 || total
-------------------------+-------+-------+-------+-------++-------
Melee: Falchion          |    13 |   172 |   248 |    96 ||   529
       Bite              |     4 |    30 |    54 |    93 ||   181
       Dagger            |       |     4 |   110 |   105 ||   219
       Scimitar          |       |       |       |   334 ||   334
 Fire: Shortbow          |       |     8 |       |       ||     8
Throw: Boomerang         |       |       |    26 |    22 ||    48
       Dart              |       |       |    20 |    98 ||   118
 Cast: Animate Skeleton  |       |       |       |    16 ||    16
Evoke: Wand              |     9 |    20 |    12 |    20 ||    61
  Use: Scroll            |       |    11 |     9 |    10 ||    30
       Potion            |       |     2 |     1 |     6 ||     9
 Stab: Sleeping          |     1 |     9 |    18 |     3 ||    31
       Distracted        |       |     1 |       |       ||     1
       Paralysed         |       |       |     4 |    18 ||    22
       Invisible         |       |       |       |     2 ||     2
Armor: Leather armour    |     1 |     9 |       |       ||    10
       Ring mail         |       |    28 |    57 |       ||    85
       Scale mail        |       |       |    51 |    54 ||   105
       Chain mail        |       |       |       |   207 ||   207
Dodge: Dodged            |     9 |   129 |   175 |   236 ||   549
Block: Buckler           |       |    11 |    78 |   123 ||   212
       Rpst.: Falchion   |     4 |    40 |    40 |    10 ||    94
       Scimitar          |       |       |       |    34 ||    34

Table legend: (Time is in decaauts)
 A = Elapsed time spent in this place.
 B = Non-inter-level travel time spent in this place.
 C = Inter-level travel time spent in this place.
 D = Time resting spent in this place.
 E = Time spent auto-exploring this place.
 F = Levels seen in this place.
 G = Mean time per level.
                   A        B        C        D        E       F      G
               +--------+--------+--------+--------+--------+-----+--------+
         Total |  10642 |  10039 |    603 |   2238 |     13 |  12 |  886.8 |
       Dungeon |   9484 |   8881 |    603 |   1853 |     13 |  11 |  862.2 |
      Gauntlet |   1157 |   1157 |      0 |    385 |      0 |   1 | 1157.0 |
               +--------+--------+--------+--------+--------+-----+--------+

Top non-repeatable levels by time:
     D:9: 1689 daAuts
     D:7: 1210 daAuts
Gauntlet: 1157 daAuts
     D:3: 1091 daAuts
    D:11: 1029 daAuts
     D:6: 997 daAuts
     D:4: 911 daAuts
    D:10: 782 daAuts
     D:5: 691 daAuts
     D:8: 620 daAuts
     D:2: 273 daAuts
    D:12: 186 daAuts
